 Dungeon Crawl Stone Soup version 0.26-a0-54-g15ccc7ae60 (webtiles) character file.

Game seed: 10739401670643243350

389728 UnlimitedFusion the Bludgeoner (level 23, -1/152 HPs)
             Began as a Gargoyle Fighter on June 6, 2020.
             Was an Initiate of Gozag.
             Slain by a quicksilver dragon (4 damage)
             ... on level 5 of the Vaults on June 8, 2020.
             The game lasted 02:52:58 (46210 turns).

UnlimitedFusion the Bludgeoner (Gargoyle Fighter)  Turns: 46210, Time: 02:52:59

Health: -1/152     AC: 58    Str: 33    XL:     23   Next: 38%
Magic:  39/39      EV:  4    Int: 13    God:    Gozag
Gold:   6779       SH: 39    Dex: 18    Spells: 45/47 levels left

rFire    + . .     SeeInvis +   R - +9 eveningstar (drain)
rCold    + + .     Gourm    .   W - +18 shield of the Gong {rElec rN+ MR+ EV-5}
rNeg     + + +     Faith    .   Z - +6 gold dragon scales "Qiceruop" {rPois rF+ rC+ MR+ Int-2 Dex+4 Slay+3}
rPois    ∞         Spirit   .   X - +2 helmet {Int+3}
rElec    +         Reflect  +   b - +2 cloak of Xaorr {SInv}
rCorr    .         Harm     .   Q - +2 pair of gloves {Str+3}
MR       +++++                  k - +1 pair of boots of Xoppaah {rN+}
Stlth    ..........             n - amulet of reflection
HPRegen  0.35/turn              I - ring of the Cast Vote {rN++ MR+ Dex+4}
MPRegen  0.26/turn              A - ring of Daisies {rC+ MR+ Str+4}

@: gold aura, very slightly contaminated, studying Evocations
A: big wings, negative energy resistance 1, electricity resistance, unbreathing,
petrification resistance, rot immunity, AC +17
}: 1/15 runes: serpentine
a: Fly, Potion Petition, Call Merchant, Bribe Branch, Renounce Religion


You were on level 5 of the Vaults.
You worshipped Gozag.
Gozag was greatly pleased with you.
You were not hungry.

You visited 6 branches of the dungeon, and saw 34 of its levels.
You visited 1 bazaar.
You also visited: Sewer.

You collected 20643 gold pieces.
You spent 9333 gold pieces at shops.
You paid 4531 gold pieces to Gozag.

Inventory:

Hand Weapons
 R - a +9 eveningstar of draining (weapon)
Missiles
 P - 4 throwing nets (quivered)
Armour
 b - the +2 cloak of Xaorr (worn) {SInv}
   (You found it on level 14 of the Dungeon)

   It lets you see invisible.
 k - the +1 pair of boots of Xoppaah (worn) {rN+}
   (You found it on level 1 of the Elven Halls)

   It protects you from negative energy.
 G - the +1 helmet of Articulation {rC+}
   (You bought it in a shop on level 4 of the Snake Pit)

   It protects you from cold.
 H - a scarf of repulsion
 Q - a +2 pair of gloves of strength (worn)
 W - the +18 shield of the Gong (worn) {rElec rN+ MR+ EV-5}
   (You bought it in a shop on level 2 of the Lair of Beasts)

   It affects your evasion (-5).
   It insulates you from electricity.
   It protects you from negative energy.
   It affects your resistance to hostile enchantments.
 X - a +2 helmet of intelligence (worn)
 Z - the +6 gold dragon scales "Qiceruop" (worn) {rPois rF+ rC+ MR+ Int-2 Dex+4 Slay+3}
   (You bought it in a shop on level 2 of the Lair of Beasts)

   It affects your intelligence (-2).
   It affects your dexterity (+4).
   It affects your accuracy and damage with ranged weapons and melee attacks
   (+3).
   It protects you from fire.
   It protects you from cold.
   It protects you from poison.
   It affects your resistance to hostile enchantments.
Jewellery
 d - an uncursed ring of protection from fire
 n - an amulet of reflection (around neck)
 p - an uncursed amulet of regeneration
 u - an uncursed ring of resist corrosion
 A - the ring of Daisies (right hand) {rC+ MR+ Str+4}
   (You bought it in a shop on level 2 of the Orcish Mines)

   [ring of protection from magic]

   It affects your strength (+4).
   It protects you from cold.
   It affects your resistance to hostile enchantments.
 I - the ring of the Cast Vote (left hand) {rN++ MR+ Dex+4}
   (You bought it in a shop on level 3 of the Snake Pit)

   [ring of protection from magic]

   It affects your dexterity (+4).
   It greatly protects you from negative energy.
   It affects your resistance to hostile enchantments.
Wands
 h - a wand of polymorph (18)
 t - a wand of acid (17)
 z - a wand of enslavement (10)
 B - a wand of disintegration (31)
 J - a wand of iceblast (28)
 K - a wand of paralysis (14)
 N - a wand of digging (9)
 T - a wand of flame (44)
Scrolls
 a - 12 scrolls of remove curse
 e - 8 scrolls of teleportation
 i - 2 scrolls of fear
 s - 8 scrolls of enchant armour
 w - 2 scrolls of silence
 x - 4 scrolls of holy word
 C - 6 scrolls of magic mapping
 D - 2 scrolls of fog
 E - a scroll of summoning
 L - 9 scrolls of identify
 M - 2 scrolls of enchant weapon
 S - 6 scrolls of amnesia
 Y - 5 scrolls of blinking
Potions
 c - a potion of berserk rage
 g - 2 potions of might
 j - 5 potions of mutation
 l - 12 potions of curing
 m - 3 potions of ambrosia
 q - 3 potions of invisibility
 r - 4 potions of haste
 v - 5 potions of magic
 F - 9 potions of brilliance
 O - 5 potions of cancellation
Books
 o - a manual of Evocations
Miscellaneous
 y - 2 boxes of beasts
Comestibles
 f - 36 rations


   Skills:
 - Level 17.9 Fighting
 - Level 20.0 Maces & Flails
 + Level 16.4 Armour
 - Level 3.3 Dodging
 - Level 3.0 Stealth
 - Level 16.3 Shields
 + Level 12.6 Spellcasting
 + Level 12.3 Translocations
 + Level 13.3 Evocations


You had 45 spell levels left.
You knew the following spells:

 Your Spells              Type           Power        Failure   Level  Hunger
a - Blink                 Tloc           N/A          1%          2    None

Your spell library contained the following spells:

 Spells                   Type           Power        Failure   Level  Hunger
 Gell's Gravitas          Tloc           #####.....   1%          3    None
 Recall                   Summ/Tloc      N/A          22%         3    None
 Iskenderun's Mystic Bla  Conj/Tloc      ###.....     58%         4    ###....
 Animate Skeleton         Necr           N/A          67%         1    None
 Magic Dart               Conj           #...         67%         1    None
 Pain                     Necr           #...         67%         1    None
 Sandblast                Erth           #.....       67%         1    None
 Shock                    Conj/Air       #...         67%         1    None
 Sting                    Tmut/Pois      #...         67%         1    None
 Summon Small Mammal      Summ           #...         67%         1    None
 Call Imp                 Summ           #.......     80%         2    None
 Passwall                 Tmut/Erth      #.......     80%         2    None
 Poisonous Vapours        Pois/Air       #.....       80%         2    None
 Searing Ray              Conj           #.....       80%         2    None
 Slow                     Hex            #.......     80%         2    None
 Swiftness                Chrm/Air       #.......     80%         2    None
 Call Canine Familiar     Summ           #.......     95%         3    None
 Confusing Touch          Hex            #.......     95%         3    None
 Conjure Flame            Conj/Fire      #.......     95%         3    None
 Dazzling Flash           Conj/Hex       #.....       95%         3    None
 Ignite Poison            Fire/Tmut/Pois #.......     95%         3    None
 Mephitic Cloud           Conj/Pois/Air  #.......     95%         3    None
 Static Discharge         Conj/Air       #.......     95%         3    None
 Summon Guardian Golem    Hex/Summ       #.......     95%         3    None
 Vampiric Draining        Necr           #.........   95%         3    None
 Airstrike                Air            #.........   100%        4    ###....
 Animate Dead             Necr           N/A          100%        4    ###....
 Fulminant Prism          Conj/Hex       #.........   100%        4    ###....
 Leda's Liquefaction      Hex/Erth       #.........   100%        4    ###....
 Olgreb's Toxic Radiance  Pois           #.......     100%        4    ###....
 Petrify                  Tmut/Erth      #.......     100%        4    ###....
 Summon Ice Beast         Ice/Summ       #.......     100%        4    ###....
 Summon Lightning Spire   Summ/Air       #.......     100%        4    ###....
 Agony                    Necr           #.......     100%        5    #####..
 Borgnjor's Vile Clutch   Necr/Erth      #.........   100%        5    #####..
 Fireball                 Conj/Fire      #.........   100%        5    #####..
 Irradiate                Conj/Tmut      #.........   100%        5    #####..
 Lightning Bolt           Conj/Air       #.........   100%        5    #####..
 Metabolic Englaciation   Hex/Ice        #.........   100%        5    #####..
 Summon Mana Viper        Hex/Summ       #.......     100%        5    #####..
 Yara's Violent Unravell  Hex/Tmut       #.........   100%        5    #####..
 Iron Shot                Conj/Erth      #.........   100%        6    ######.
 Starburst                Conj/Fire      #.........   100%        6    ######.
 Dragon Form              Tmut           #.........   100%        7    #######
 Ring of Flames           Chrm/Fire      #.........   100%        7    #######
 Summon Hydra             Summ           #.........   100%        7    #######
 Ignition                 Fire           #.........   100%        8    #######
 Shatter                  Erth           #.........   100%        9    #######
 Tornado                  Air            #.........   100%        9    #######


Dungeon Overview and Level Annotations

Branches:
Dungeon (14/15)            Temple (0/1) D:7            Lair (6/6) D:11
  Swamp (0/4) Lair:3        Snake (4/4) Lair:3        Slime (0/5) Lair:5
    Orc (2/2) D:9             Elf (3/3) Orc:2        Vaults (5/5) D:14
  Crypt (0/3) Vaults:2      Sewer (visited)

Altars:
Cheibriados
Elyvilon
Fedhas
Gozag
Makhleb
Qazlal
Trog
Wu Jian
Zin
Beogh

Shops:
D:2 *   D:4 :   D:7 %   D:12 **   Orc:1 *   Orc:2 (:*[=%   Elf:2 (   Lair:2 ([
Snake:3 %==?(((?   Snake:4 %?(:*   Vaults:1 ((*   Vaults:3 (   Vaults:4 [*

Portals:
Trove: D:13 (give 5 potions of resistance)

Annotations:
D:9 2 transporters
Lair:5 exclusion: 3 oklob plants
Vaults:5 Boris


Innate Abilities, Weirdness & Mutations

You are resistant to torment.
Your stone body is resilient. (AC +17)
You are immune to poison.
Your large and strong wings let you fly indefinitely.
You resist negative energy. (rN+)
You are resistant to electric shocks. (rElec)
You can survive without breathing.
You are immune to petrification.
You are immune to rotting.


Message History

PANG!
You block the quicksilver dragon's attack.
PTOANNNG!
The ironheart preserver throws a stone.
The stone hits you but does no damage.
You hear a deafening roar!
You hear a shout!
You hear a deafening roar!
You hear a shout! x3; You hear a deafening roar! x3
You crush the quicksilver dragon like a grape!!!
The quicksilver dragon is heavily wounded.
The quicksilver dragon breathes dispelling energy at you.
The bolt of dispelling energy hits you!!!
* * * LOW HITPOINT WARNING * * *
You hear a shout! x2; You hear a deafening roar!
Unknown command.
You sock the quicksilver dragon! You drain the quicksilver dragon.
The quicksilver dragon is severely wounded.
You block the quicksilver dragon's attack.
GONNNNG!
The quicksilver dragon claws you.
You die...
Your body crumbles into a pile of gold.

#..# $ $
#..# #..#
#$.# #$$#
# #..#
###. #..#
#....#$.#
#...p$@.#
####.D..#
..e....#
.....?...#
##########


You could see an ironheart preserver, a quicksilver dragon (sheltered, catching
breath, drained) and a deep elf elementalist (repels missiles).

Vanquished Creatures
  Boris (Vaults:4)
  A golden dragon (Vaults:4)
  Jorgrun (D:14)
  The ghost of Hicoetiz the Spry, an adept SpEn of Kikubaaqudgha (Elf:1)
  7 deep elf blademasters
  A titan (Vaults:5)
  2 quicksilver dragons (Vaults:5)
  5 deep elf master archers
  The ghost of Bvern the Thaumaturge, an adept GnWz of Cheibriados (Elf:3)
  An ancient champion (Vaults:2)
  A storm dragon (Vaults:4)
  10 nagarajas
  Agnes (Elf:2)
  3 tengu reavers
  2 fire giants
  2 frost giants
  14 vault wardens
  8 deep elf sorcerers
  An iron dragon (Vaults:5)
  2 orc warlords (Orc:1)
  7 deep elf elementalists
  A ghoul (Vaults:2)
  5 very ugly things
  3 stone giants
  An entropy weaver (shapeshifter) (Vaults:3)
  17 ironheart preservers
  An entropy weaver (Vaults:4)
  7 deep elf demonologists
  3 dire elephants (Lair:6)
  Azrael (Snake:3)
  12 deep elf annihilators
  12 deep elf death magi
  4 fire dragons
  3 ettins
  Josephine (Orc:2)
  10 yaktaur captains
  8 deep elf high priests
  Harold (D:9)
  5 great orbs of eyes
  34 vault guards
  6 hydras
  4 ice dragons
  12 centaur warriors
  25 naga warriors
  13 ogre magi
  36 two-headed ogres
  23 anacondas
  3 death knights
  5 death yaks
  5 deep troll shamans
  2 deep troll earth magi
  13 shock serpents
  2 orc high priests
  8 naga sharpshooters
  8 skeletal warriors
  2 shadow wraiths
  12 deep elf knights
  3 unseen horrors
  5 salamander mystics
  10 deep trolls
  A wizard (Vaults:1)
  2 glowing orange brains (Vaults:3)
  A flayed ghost (Vaults:4)
  7 naga ritualists
  20 ironbrand convokers
  Pikel (D:5)
  21 deep elf archers
  4 lindwurms (Snake:4)
  3 phantasmal warriors
  5 orc sorcerers
  A harpy (Vaults:3)
  69 deep elf magi
  9 orc knights
  12 mana vipers
  3 wolf spiders (Vaults:4)
  30 ugly things
  21 salamanders
  6 cyclopes
  A manticore (D:14)
  2 moths of wrath (Elf:1)
  A salamander (shapeshifter) (Vaults:1)
  5 elephants
  16 guardian serpents
  38 black mambas
  3 gargoyles
  32 naga magi
  A storm dragon simulacrum (Vaults:1)
  6 spiny frogs
  31 yaktaurs
  Maggie (Lair:2)
  17 vault sentinels
  3 komodo dragons
  2 efreet (D:13)
  8 freezing wraiths
  5 trolls
  Grinder (D:4)
  2 hornets
  2 polar bears
  A bog body (Lair:3)
  12 blink frogs
  A raiju (shapeshifter) (Vaults:3)
  13 slime creatures
  10 hippogriffs
  A tarantella (shapeshifter) (Vaults:1)
  5 air elementals
  2 redbacks (Vaults:4)
  A spriggan (D:8)
  3 water elementals
  31 yaks
  8 fire elementals
  12 wraiths
  3 basilisks
  A human (shapeshifter) (D:13)
  A steam dragon (D:7)
  3 hungry ghosts
  3 swamp worms (Lair:1)
  Grum (D:9)
  Edmund (D:4)
  4 wargs
  4 acid dragons
  59 nagas
  13 water moccasins
  3 hell hounds (Snake:3)
  5 porcupines
  4 ice beasts
  2 sky beasts
  A phantom (D:5)
  4 black bears
  2 eyes of draining
  32 ogres
  46 orc warriors
  2 wolves
  19 crocodiles
  15 centaurs
  5 big kobolds
  17 bullfrogs
  4 earth elementals
  A deep troll simulacrum (Vaults:3)
  A wyvern skeleton (D:11)
  4 scorpions
  5 killer bees (D:9)
  22 wights
  4 electric eels
  5 centaur zombies
  4 crimson imps
  9 hounds
  A jelly (D:8)
  2 bullfrog zombies
  29 orc priests
  2 bullfrog skeletons
  A gnoll shaman (D:10)
  26 orc wizards
  Jessica (D:1)
  4 iguanas
  11 worker ants
  A hound skeleton (D:7)
  Robin (D:2)
  A howler monkey skeleton (D:10)
  5 gnolls
  18 adders
  A river rat (Sewer)
  5 shadow imps
  2 oozes
  An adder zombie (D:6)
  2 adder skeletons
  8 worms
  3 dart slugs
  2 leopard geckos
  99 orcs
  3 bats
  8 giant cockroaches
  18 goblins
  16 hobgoblins
  2 jackals
  4 quokkas
  8 ball pythons
  6 frilled lizards
  26 kobolds
  3 leopard gecko skeletons
  A leopard gecko zombie (D:7)
  9 rats
  4 plants (Lair:6)
1534 creatures vanquished.

Vanquished Creatures (collateral kills)
  A yaktaur (Vaults:5)
1 creature vanquished.

Vanquished Creatures (others)
  23 dancing weapons
  A deep elf knight (Elf:3)
  A naga (Snake:1)
  A slave (D:5)
  A centaur (Vaults:3)
  A hornet simulacrum (D:13)
  A kobold (D:9)
  5 fungi
  11 plants
  2 withered plants (Elf:3)
47 creatures vanquished.

Grand Total: 1582 creatures vanquished

Notes
Turn   | Place    | Note
-------+----------+-------------------------------------------
     0 | D:1      | UnlimitedFusion the Gargoyle Fighter began the quest for
                  | the Orb.
     0 | D:1      | Reached XP level 1. HP: 14/14 MP: 1/1
   112 | D:1      | Reached XP level 2. HP: 19/19 MP: 2/2
   233 | D:1      | Reached XP level 3. HP: 16/23 MP: 3/3
   824 | D:2      | Noticed Jessica
   951 | D:2      | Noticed Robin
  1045 | D:1      | Killed Jessica
  1045 | D:1      | Reached skill level 3 in Maces & Flails
  1045 | D:1      | Reached XP level 4. HP: 21/29 MP: 4/4
  1163 | D:2      | Killed Robin
  1282 | D:2      | Reached XP level 5. HP: 33/33 MP: 5/5
  1367 | D:2      | Found Gozag's Platinum Reserve.
  1371 | D:2      | Found an opulent altar of Gozag.
  1376 | D:2      | Found a snail-covered altar of Cheibriados.
  1419 | D:2      | Became a worshipper of Gozag Ym Sagoz the Greedy
  2606 | D:4      | Reached XP level 6. HP: 39/39 MP: 6/6
  2702 | D:4      | Found a burning altar of Makhleb.
  2747 | D:4      | Noticed Grinder
  2768 | D:4      | Reached skill level 5 in Shields
  3011 | D:4      | Paralysed by Grinder for 6 turns
  3022 | D:4      | Killed Grinder
  3022 | D:4      | Reached skill level 4 in Maces & Flails
  3022 | D:4      | Reached XP level 7. HP: 35/44 MP: 7/7
  3106 | D:4      | Reached skill level 1 in Dodging
  3117 | D:4      | Reached skill level 5 in Fighting
  3280 | D:4      | Found Vysurasuja's Book Shoppe.
  3537 | D:4      | Noticed Edmund
  3557 | D:4      | Killed Edmund
  3557 | D:4      | Reached skill level 5 in Maces & Flails
  3753 | D:5      | Entered Level 5 of the Dungeon
  3774 | D:5      | Found a glowing drain.
  3799 | Sewer    | Entered a sewer
  3826 | Sewer    | Reached XP level 8. HP: 50/50 MP: 8/8
  4405 | Sewer    | Reached skill level 6 in Maces & Flails
  4557 | D:5      | Noticed Pikel
  4563 | D:5      | Killed Pikel
  4795 | D:5      | Reached skill level 7 in Maces & Flails
  4795 | D:5      | Reached XP level 9. HP: 56/56 MP: 9/9
  5886 | D:6      | Reached skill level 5 in Armour
  5975 | D:6      | Found a blossoming altar of Fedhas.
  6162 | D:7      | Found Karagay's Food Shop.
  6166 | D:7      | Bought a ration for 65 gold pieces
  6166 | D:7      | Bought a ration for 65 gold pieces
  6166 | D:7      | Bought a ration for 65 gold pieces
  6166 | D:7      | Bought a ration for 65 gold pieces
  6255 | D:7      | Found a staircase to the Ecumenical Temple.
  6264 | D:7      | Found a white marble altar of Elyvilon.
  6286 | D:7      | Reached skill level 8 in Maces & Flails
  6961 | D:7      | Reached XP level 10. HP: 60/64 MP: 10/10
  7445 | D:8      | Reached skill level 9 in Maces & Flails
  8184 | D:9      | Noticed Grum
  8243 | D:9      | Killed Grum
  8282 | D:9      | Found a white marble altar of Elyvilon.
  8572 | D:9      | Found a staircase to the Orcish Mines.
  8648 | D:9      | Found a stormy altar of Qazlal.
  8648 | D:9      | Found a glowing silver altar of Zin.
  8648 | D:9      | Noticed a two-headed ogre
  8662 | D:9      | Killed a two-headed ogre
  8662 | D:9      | Reached skill level 10 in Shields
  8691 | D:9      | Found an ornate altar of the Wu Jian Council.
  8720 | D:9      | Reached skill level 10 in Maces & Flails
  8720 | D:9      | Reached XP level 11. HP: 67/71 MP: 11/11
  8847 | D:9      | Noticed an orc sorcerer
  8847 | D:9      | Noticed a deep elf knight
  8850 | D:9      | Found a transporter.
  8879 | D:9      | Found a transporter.
  9018 | D:9      | Noticed Harold
  9039 | D:9      | Killed Harold
  9422 | D:10     | Entered Level 10 of the Dungeon
 10104 | D:10     | Reached skill level 10 in Fighting
 10544 | D:11     | Noticed a two-headed ogre
 10554 | D:10     | Killed a two-headed ogre
 10613 | D:11     | Noticed a cyan ugly thing
 10634 | D:11     | Killed a cyan ugly thing
 10738 | D:11     | Noticed an unseen horror
 10748 | D:11     | Killed an unseen horror
 10812 | D:11     | Noticed a death yak
 10838 | D:11     | Killed a death yak
 10838 | D:11     | Reached skill level 11 in Maces & Flails
 10936 | D:11     | Found a staircase to the Lair.
 11082 | D:11     | Noticed a cyclops
 11085 | D:11     | Noticed a two-headed ogre
 11091 | D:11     | Killed a cyclops
 11120 | D:11     | Killed a two-headed ogre
 11120 | D:11     | Reached XP level 12. HP: 59/79 MP: 6/12
 11279 | D:11     | Got a slimy flail
 11280 | D:11     | Identified the +1 flail of Qobudax {pain, rElec rPois
                  | Dex-2} (You found it on level 11 of the Dungeon)
 11673 | D:12     | Reached skill level 1 in Stealth
 11679 | D:12     | Noticed a centaur warrior
 11749 | D:12     | Killed a centaur warrior
 11909 | D:12     | Found Eboedec's Pet Rocks.
 12524 | D:12     | Noticed a centaur warrior
 12535 | D:12     | Killed a centaur warrior
 12984 | Lair:1   | Entered Level 1 of the Lair of Beasts
 13491 | Lair:1   | Reached skill level 12 in Maces & Flails
 14351 | Lair:2   | Noticed Maggie
 14371 | Lair:2   | Killed Maggie
 14371 | Lair:2   | Reached XP level 13. HP: 55/86 MP: 13/13
 15035 | Lair:2   | Bought the +6 gold dragon scales "Qiceruop" {rPois rF+ rC+
                  | MR+ Int-2 Dex+4 Slay+3} for 1762 gold pieces
 15063 | Lair:2   | Bought a +0 kite shield of protection for 161 gold pieces
 15456 | Lair:3   | Found a staircase to the Snake Pit.
 15496 | Snake:1  | Entered Level 1 of the Snake Pit
 15865 | Snake:1  | Reached skill level 13 in Maces & Flails
 16368 | Snake:1  | Gained mutation: Your large and strong wings let you fly
                  | indefinitely. [Gargoyle growth]
 16368 | Snake:1  | Reached XP level 14. HP: 36/94 MP: 14/14
 16788 | Snake:1  | Reached skill level 14 in Maces & Flails
 17588 | Lair:3   | Found a staircase to the Swamp.
 18081 | Lair:3   | Upgraded the game from 0.26-a0-52-gd53d4cd058 to
                  | 0.26-a0-54-g15ccc7ae60
 18882 | Lair:5   | Found a staircase to the Slime Pits.
 19747 | Lair:6   | Entered Level 6 of the Lair of Beasts
 19845 | Lair:6   | Reached skill level 15 in Maces & Flails
 21071 | Lair:6   | Noticed a dire elephant
 21071 | Lair:6   | Noticed a dire elephant
 21074 | Lair:6   | Noticed a dire elephant
 21089 | Lair:6   | Killed a dire elephant
 21105 | Lair:6   | Killed a dire elephant
 21120 | Lair:6   | Killed a dire elephant
 21565 | Snake:2  | Reached XP level 15. HP: 93/100 MP: 15/15
 21693 | Snake:2  | Reached skill level 16 in Maces & Flails
 22339 | Snake:2  | Got a fine mace
 22340 | Snake:2  | Identified the cursed +1 mace of the End {venom, rPois rN+
                  | Str+2} (You found it on level 2 of the Snake Pit)
 22635 | Snake:2  | Noticed a nagaraja
 22669 | Snake:2  | Killed a nagaraja
 23077 | Snake:2  | Reached skill level 15 in Fighting
 23255 | Snake:2  | Noticed a nagaraja
 23269 | Snake:2  | Killed a nagaraja
 23319 | Snake:2  | Reached skill level 17 in Maces & Flails
 23647 | Snake:3  | Found Yhirat's Jewellery Shoppe.
 23830 | Snake:3  | Found Wyal's Weapon Shoppe.
 23831 | Snake:3  | Found Nawatam's Weapon Emporium.
 23831 | Snake:3  | Found Quppoet's Antique Weapon Shoppe.
 23834 | Snake:3  | Found Jootitusk's Magic Scroll Emporium.
 23857 | Snake:3  | Bought a scroll of identify for 28 gold pieces
 23857 | Snake:3  | Bought a scroll of fear for 49 gold pieces
 23857 | Snake:3  | Bought a scroll of teleportation for 42 gold pieces
 23857 | Snake:3  | Bought a scroll of identify for 28 gold pieces
 23857 | Snake:3  | Bought a scroll of magic mapping for 49 gold pieces
 23857 | Snake:3  | Bought a scroll of enchant weapon for 105 gold pieces
 23861 | Snake:3  | Bought a +0 eveningstar for 195 gold pieces
 23878 | Snake:3  | Found Carphisuw's Magic Scroll Shoppe.
 23897 | Snake:3  | Bought a scroll of identify for 30 gold pieces
 23897 | Snake:3  | Bought a scroll of identify for 30 gold pieces
 23897 | Snake:3  | Bought a scroll of identify for 30 gold pieces
 23897 | Snake:3  | Bought a scroll of acquirement for 780 gold pieces
 23897 | Snake:3  | Bought a scroll of identify for 30 gold pieces
 23897 | Snake:3  | Bought a scroll of identify for 30 gold pieces
 23897 | Snake:3  | Bought a scroll of identify for 30 gold pieces
 23897 | Snake:3  | Bought a scroll of teleportation for 45 gold pieces
 23897 | Snake:3  | Bought a scroll of teleportation for 45 gold pieces
 23902 | Snake:3  | Got the ring "Qefeuqil" {rC+ rN+ Str+3 Stlth+}
 23914 | Snake:3  | Got the ring "Qiwnyat" {rElec Int+3 Stlth+}
 23945 | Snake:3  | Noticed Azrael
 24007 | Snake:3  | Killed Azrael
 24245 | Snake:3  | Noticed a nagaraja
 24257 | Snake:3  | Killed a nagaraja
 24752 | Snake:3  | Found Ofruskid's Jewellery Emporium.
 24755 | Snake:3  | Found Huk Neraky's Food Boutique.
 24758 | Snake:3  | Noticed a nagaraja
 24777 | Snake:3  | Killed a nagaraja
 24777 | Snake:3  | Reached XP level 16. HP: 98/109 MP: 16/16
 24783 | Snake:3  | Bought the ring of the Cast Vote {rN++ MR+ Dex+4} for 814
                  | gold pieces
 24786 | Snake:3  | Bought a ration for 60 gold pieces
 24786 | Snake:3  | Bought a ration for 60 gold pieces
 24786 | Snake:3  | Bought a ration for 60 gold pieces
 24786 | Snake:3  | Bought a ration for 60 gold pieces
 24793 | Snake:4  | Entered Level 4 of the Snake Pit
 25277 | Snake:4  | Found Puijyn's Antique Weapon Shoppe.
 25316 | Snake:4  | Reached skill level 18 in Maces & Flails
 26038 | Snake:4  | Found Lyjodocw's Food Shoppe.
 26341 | Snake:4  | Found Qiboagru's Magic Scroll Emporium.
 26355 | Snake:4  | Found Aqyloan's Assorted Antiques.
 26412 | Snake:4  | Bought a scroll of silence for 105 gold pieces
 26412 | Snake:4  | Bought a scroll of identify for 28 gold pieces
 26412 | Snake:4  | Bought a scroll of magic mapping for 49 gold pieces
 26416 | Snake:4  | Bought a jewelled helmet for 218 gold pieces
 26416 | Snake:4  | Identified the +1 helmet of Articulation {rC+} (You bought
                  | it in a shop on level 4 of the Snake Pit)
 26729 | Snake:4  | Found Qozibboc's Book Emporium.
 26783 | Snake:4  | Noticed a nagaraja
 26797 | Snake:4  | Noticed a nagaraja
 26798 | Snake:4  | Killed a nagaraja
 26854 | Snake:4  | Killed a nagaraja
 27114 | Snake:4  | Reached skill level 19 in Maces & Flails
 27247 | Snake:4  | Noticed a nagaraja
 27247 | Snake:4  | Noticed a nagaraja
 27247 | Snake:4  | Noticed a nagaraja
 27266 | Snake:4  | Killed a nagaraja
 27594 | Snake:4  | Killed a nagaraja
 27594 | Snake:4  | Reached XP level 17. HP: 82/117 MP: 17/17
 29545 | Snake:4  | Reached skill level 20 in Maces & Flails
 29608 | Snake:4  | Got a serpentine rune of Zot
 29902 | Orc:1    | Entered Level 1 of the Orcish Mines
 29919 | Orc:1    | Found Woostrauv's General Store.
 29946 | Orc:1    | Bought a scroll of brand weapon for 280 gold pieces
 30068 | Orc:1    | Reached skill level 1 in Spellcasting
 30128 | Orc:1    | Reached skill level 1 in Evocations
 30451 | Orc:2    | Entered Level 2 of the Orcish Mines
 30668 | Orc:2    | Found a staircase to the Elven Halls.
 30679 | Orc:2    | Found Namanad's Food Shoppe.
 30696 | Orc:2    | Found Biduill's Jewellery Emporium.
 30731 | Orc:2    | Bought the ring of Daisies {rC+ MR+ Str+4} for 616 gold
                  | pieces
 30761 | Orc:2    | Found a roughly hewn altar of Beogh.
 31215 | Orc:2    | Found Lis Raq's Antique Armour Shop.
 31252 | Orc:2    | Found Houleed's General Store.
 31274 | Orc:2    | Found Odoy's Antique Weapon Shop.
 31370 | Orc:2    | Found Helaph's Food Emporium.
 31398 | Orc:2    | Noticed Josephine
 31408 | Orc:2    | Killed Josephine
 31621 | Orc:2    | Found Oclyo's Book Shop.
 31644 | Orc:2    | Bought a ration for 60 gold pieces
 31644 | Orc:2    | Bought a ration for 60 gold pieces
 31644 | Orc:2    | Bought a ration for 60 gold pieces
 31644 | Orc:2    | Bought a ration for 60 gold pieces
 31644 | Orc:2    | Bought a ration for 60 gold pieces
 31644 | Orc:2    | Bought a ration for 60 gold pieces
 31644 | Orc:2    | Bought a ration for 60 gold pieces
 31644 | Orc:2    | Bought a ration for 60 gold pieces
 31644 | Orc:2    | Bought a ration for 60 gold pieces
 31644 | Orc:2    | Bought a ration for 60 gold pieces
 31644 | Orc:2    | Bought a ration for 60 gold pieces
 31644 | Orc:2    | Bought a ration for 60 gold pieces
 31689 | Orc:2    | Bought a book of Minor Magic for 320 gold pieces
 31793 | Elf:1    | Entered Level 1 of the Elven Halls
 31910 | Elf:1    | Reached XP level 18. HP: 124/124 MP: 22/22
 31939 | Elf:1    | Learned a level 2 spell: Blink
 32073 | Elf:1    | Found a transporter.
 32076 | Elf:1    | Identified the +8 longbow "Pastryekuf" {flame, rC++ Str+10
                  | Int-2}
 32076 | Elf:1    | Noticed a deep elf master archer
 32076 | Elf:1    | Identified the cursed +1 rapier of Nemelex Xobeh's Regard
                  | {flame, +Fly rC- Str-2 Int+8}
 32076 | Elf:1    | Identified the +5 quick blade of Distraction {antimagic,
                  | rF+ Str+3}
 32076 | Elf:1    | Noticed a deep elf blademaster
 32076 | Elf:1    | Noticed a deep elf master archer
 32080 | Elf:1    | Found a bloodstained altar of Trog.
 32080 | Elf:1    | Noticed Hicoetiz's ghost (adept SpEn)
 32082 | Elf:1    | Identified the +1 quick blade of Qaizobirij {drain, rN+}
 32082 | Elf:1    | Identified the +9 rapier of the Sun {antimagic, *Drain
                  | Dex+6}
 32082 | Elf:1    | Noticed a deep elf blademaster
 32082 | Elf:1    | Found a transporter.
 32091 | Elf:1    | Killed a deep elf blademaster
 32099 | Elf:1    | Reached skill level 1 in Translocations
 32105 | Elf:1    | Killed a deep elf master archer
 32110 | Elf:1    | Killed a deep elf blademaster
 32112 | Elf:1    | Killed a deep elf master archer
 32123 | Elf:1    | Killed Hicoetiz's ghost
 32156 | Elf:1    | Got a pair of spiked boots
 32191 | Elf:1    | Identified the +1 pair of boots of Xoppaah {rN+} (You found
                  | it on level 1 of the Elven Halls)
 32613 | Elf:1    | Identified the Incunabulum of Creation
 32927 | Elf:2    | Noticed Agnes
 32941 | Elf:2    | Killed Agnes
 32946 | Elf:2    | Reached skill level 10 in Armour
 33437 | Elf:2    | Reached skill level 15 in Shields
 33439 | Elf:2    | Reached skill level 5 in Evocations
 33440 | Elf:2    | Reached skill level 5 in Spellcasting
 33461 | Elf:2    | Found Hout Gako's Antique Weapon Boutique.
 33762 | Elf:2    | Found a huge runed translucent gate.
 33762 | Elf:2    | Found a huge runed translucent gate.
 33762 | Elf:2    | Found a huge runed translucent gate.
 33762 | Elf:2    | Found a huge runed translucent gate.
 33762 | Elf:2    | Found a huge runed translucent gate.
 33778 | Elf:2    | Noticed a deep elf blademaster
 33790 | Elf:2    | Killed a deep elf blademaster
 34530 | Elf:2    | Reached XP level 19. HP: 127/130 MP: 27/27
 34597 | Elf:3    | Entered Level 3 of the Elven Halls
 34711 | Elf:3    | Found a runed translucent door.
 34711 | Elf:3    | Noticed Bvern's ghost (adept GnWz)
 34875 | Elf:3    | Killed Bvern's ghost
 35480 | Elf:3    | Reached skill level 5 in Translocations
 35523 | Elf:3    | Found a runed translucent door.
 35604 | Elf:3    | Identified the +3 leather armour of Sodej {rPois rC+
                  | Stlth+}
 35604 | Elf:3    | Identified the ring "Joamm" {rN+ Dex+3}
 35716 | Elf:3    | Identified a ring of the Octopus King {rC+ AC+1 EV+1 Str+1
                  | Int+1 Dex+1}
 35923 | Elf:3    | Identified the cursed +1 great sword of Outrage {speed,
                  | rF++ MP+9 Str-2}
 36189 | Elf:3    | Identified the ring of Yhihudi {+Fly MR+}
 36410 | Elf:3    | Identified the +4 scimitar of Yreimis {vorpal, Str+6 Dex+3}
 36413 | Elf:3    | Identified the amulet "Roguc" {rC- Regen+ Str+3 Stlth+}
 36561 | Elf:3    | Reached XP level 20. HP: 110/136 MP: 31/31
 36862 | Elf:3    | Identified the Guide on Changing
 37058 | Elf:3    | Identified the Handbook of Poisonous Clay
 38556 | Lair:2   | Bought the +18 shield of the Gong {rElec rN+ MR+ EV-5} for
                  | 1362 gold pieces
 38556 | Lair:2   | Found the +18 shield of the Gong {rElec rN+ MR+ EV-5}
 38888 | D:13     | Found a portal to a secret trove of treasure.
 39281 | D:14     | Noticed Jorgrun
 39292 | D:14     | Killed Jorgrun
 39710 | D:14     | Got a spiked cloak
 39711 | D:14     | Identified the +2 cloak of Xaorr {SInv} (You found it on
                  | level 14 of the Dungeon)
 39793 | D:14     | Found a gate to the Vaults.
 39803 | Vaults:1 | Entered Level 1 of the Vaults
 39981 | Vaults:1 | Found an opulent altar of Gozag.
 39983 | Vaults:1 | Found Gozag's Antique Weapon Shop.
 39985 | Vaults:1 | Found Gozag's Antique Weapon Boutique.
 39986 | Vaults:1 | Found Gozag's Assorted Antiques.
 40388 | Vaults:1 | Reached XP level 21. HP: 140/140 MP: 34/34
 41336 | Vaults:2 | Reached skill level 10 in Spellcasting
 41357 | Vaults:2 | Reached skill level 10 in Evocations
 41387 | Vaults:2 | Found a staircase to the Crypt.
 41433 | Vaults:2 | Found a flickering gateway to a bazaar.
 41442 | Bazaar   | Entered a bazaar
 41448 | Bazaar   | Found Emudwuc's Magic Scroll Shoppe.
 41448 | Bazaar   | Found Ecafom's Assorted Antiques.
 41482 | Bazaar   | Found Wocumyd's Magic Scroll Emporium.
 41482 | Bazaar   | Found Ekeopparch's Magic Scroll Emporium.
 41500 | Bazaar   | Bought a scroll of acquirement for 624 gold pieces
 42048 | Vaults:2 | Reached skill level 10 in Translocations
 42953 | Vaults:3 | Found Suxiryq's Weapon Shoppe.
 43066 | Vaults:3 | Reached XP level 22. HP: 140/146 MP: 37/37
 43185 | Vaults:3 | Reached skill level 15 in Armour
 43880 | Vaults:3 | You fall into a shaft and drop 1 floor!
 43882 | Vaults:4 | Noticed Boris
 43894 | Vaults:4 | Killed Boris
 45310 | Vaults:4 | Reached XP level 23. HP: 152/152 MP: 39/39
 45435 | Vaults:4 | Bought a ration for 60 gold pieces
 45435 | Vaults:4 | Bought a ration for 60 gold pieces
 45435 | Vaults:4 | Bought a ration for 60 gold pieces
 45435 | Vaults:4 | Bought 2 scrolls of identify for 48 gold pieces
 45761 | Vaults:5 | Entered Level 5 of the Vaults
 45778 | Vaults:5 | Noticed a golden dragon
 45794 | Vaults:5 | Noticed an ancient lich
 45820 | Vaults:4 | Killed a golden dragon
 45842 | Vaults:5 | Noticed Boris
 45850 | Vaults:5 | Noticed a golden dragon
 45853 | Vaults:5 | Noticed a golden dragon
 45855 | Vaults:5 | Noticed a golden dragon
 46209 | Vaults:5 | HP: 2/152 [quicksilver dragon/bolt of dispelling energy
                  | (42)]
 46210 | Vaults:5 | Slain by a quicksilver dragon

Illustrated notes

Levels and vault maps discovered:
D:1:      dpeg_arrival_arbitrary_b, layout_basic
D:2:      layout_rooms, kennysheep_slug_shrine, first_ration,
          nicolae_gozag_zags_fifth_avenue, uniq_robin, uniq_jessica
D:3:      layout_loops_ring
D:4:      layout_loops_cross, lemuel_crystal_altar, serial_shops,
          kennysheep_little_box, uniq_edmund, uniq_grinder
D:5:      layout_basic, cheibrodos_sewer_entry_drain, uniq_pikel
D:6:      layout_loops_ring, kennysheep_mini_moat
D:7:      layout_basic, minmay_temple_entry_trees, basic_altar, serial_shops,
          nicolae_shop_crystal
D:8:      layout_cave_pools, special_room [special_room_orc],
          columned_hall_lemuel, the_bakery, hangedman_decor_growths
D:9:      gammafunk_wand_slinger, layout_cross, lemuel_doored_altar,
          gammafunk_temple_overflow_pools, elyvilon_altar_5, hiddenorc1_lemuel,
          uniq_harold, uniq_grum
D:10:     layout_basic
D:11:     layout_rooms, david_lair_generic, chequers_serial_rivers_small_b,
          chequers_serial_rivers_micro_d, serial_bayou_lake_a
D:12:     layout_irregular_city, guppyfry_shop_earth
D:13:     minmay_blocky_corners, layout_basic, enter_trove_0, minmay_bent
D:14:     layout_loops_cross, erik_vaults_2, minmay_staircase_bubble,
          uniq_jorgrun
Lair:1:   layout_gridlike, worms_lemuel
Lair:2:   layout_long_grid, uniq_maggie
Lair:3:   layout_layer_cave, skrybe_swamp_entry_bodies,
          guppyfry_snake_entry_garden, cheibrodos_lair_reptile_den
Lair:4:   layout_hall_layers, chequers_serial_rivers_micro_d, grunt_megastairs_1
Lair:5:   layout_regular_city, minmay_slime_entry_oklob_open,
          serial_bayou_shore_b
Lair:6:   due_jungle_book, layout_gridlike, grunt_megastairs_5
Snake:1:  layout_misc_corridors, st_stairs_5
Snake:2:  layout_grid_maze, grunt_megastairs_3, lemuel_fruit_tree,
          serial_bayou_shore_b
Snake:3:  layout_cave_shapes, serial_shops, shop, shop_statue, shop, shop,
          minmay_shoptagon, uniq_azrael
Snake:4:  snake_pit_salamanders_mu, layout_basic, serial_shops,
          nicolae_shop_trees, shop, nicolae_shop_trees, shop_fountains,
          nicolae_shop_overgrown_old_shop
Orc:1:    layout_diamond_mine, serial_shops, shop
Orc:2:    grunt_orc_cross, layout_diamond_mine, serial_shops, shop,
          nicolae_shop_waterfront, shop, uniq_josephine
Elf:1:    minmay_elf_arrival_summoners, layout_rooms,
          gammafunk_ghost_wrathful_warriors, minmay_elf_demonology
Elf:2:    layout_geoelf_octagon, serial_shops,
          nicolae_shop_competitors_out_of_business, minivault_11,
          glass_columns_a, nicolae_elf_glass_and_crystal_pillar_2, minivault_26,
          minmay_crystal_room, hangedman_elf_represent, uniq_agnes
Elf:3:    nooodl_elf_gasket, layout_geoelf_grid, gammafunk_ghost_grave,
          minivault_13
Vaults:1: vaults_room_grunt_arrival_ludios, hangedman_vaults_capsules, v_misc_8,
          v_misc_3, hangedman_vaults_maws, v_misc_2,
          kennysheep_vaults_gozag_temple, ontoclasm_vaults_idyll,
          nicolae_vaults_stairing_the_circle, vaults_dpeg_cross,
          nicolae_vaults_ring_of_whatevers, layout_vaults_omnicross
Vaults:2: minmay_crypt_entry_simple_plaza, nicolae_vaults_big_angled_halls,
          nicolae_vaults_specimen_jars, nicolae_vaults_network_barrier,
          nicolae_vaults_quartermaster, ontoclasm_vaults_ligature, v_misc_28,
          v_misc_15, nicolae_vaults_network_quincunx
          [nicolae_vaults_network_quincunx_subvault,
          nicolae_vaults_network_quincunx_subvault,
          nicolae_vaults_network_quincunx_subvault,
          nicolae_vaults_network_quincunx_subvault,
          nicolae_vaults_network_quincunx_subvault], vaults_mumra_lcd,
          nicolae_vaults_alarming, layout_vaults_maze_snakey, serial_shops,
          bzr_entry_lakeside
Vaults:3: ontoclasm_vaults_claustrophobia, v_misc_24, st_squares, v_misc_2,
          nicolae_vaults_circle_grid_b, hangedman_vaults_cutoff,
          nicolae_vaults_little_squares_1, vaults_mumra_chevron,
          vaults_room_large_hall, nicolae_vaults_bisected_exclaves,
          nicolae_vaults_hallways_thing, v_misc_15, hangedman_vaults_stream,
          vaults_dpeg_encased_lava, layout_vaults_ring, serial_shops,
          nicolae_shop_stone
Vaults:4: ontoclasm_vaults_eye, hangedman_vaults_unwind, v_misc_2,
          ontoclasm_vaults_ring_large, nicolae_vaults_triangles,
          nicolae_vaults_circle_grid_b, nicolae_vaults_mini_display_case,
          v_misc_14, nicolae_vaults_border_crossing, vaults_room_pools,
          layout_vaults_chaotic_city, uniq_boris
Vaults:5

Skill      XL: |  1  2  3  4  5  6  7  8  9 10 11 12 13 14 15 16 17 18 19 20 21 22 23 |
---------------+----------------------------------------------------------------------+-----
Shields        | 4 5 6 7 8 10 11 12 14 15 16 | 16.3
Maces & Flails | 3 4 5 7 8 10 11 12 13 15 17 19 20 | 20.0
Fighting       | 4 5 6 8 9 10 12 13 14 15 17 | 17.9
Armour         | 4 5 6 7 8 9 10 12 13 14 15 16 | 16.4
Dodging        | 1 2 3 |  3.3
Stealth        | 2 3 |  3.0
Spellcasting   | 3 5 7 9 11 12 | 12.6
Evocations     | 3 5 7 9 11 12 13 | 13.3
Translocations | 4 6 8 10 11 12 | 12.3

Action                   |  1- 3 |  4- 6 |  7- 9 | 10-12 | 13-15 | 16-18 | 19-21 | 22-24 || total
-------------------------+-------+-------+-------+-------+-------+-------+-------+-------++-------
Melee: Flail             |   122 |   212 |   555 |  1220 |  1843 |  1168 |       |       ||  5120
       Eveningstar       |       |       |       |       |       |   656 |  1362 |   669 ||  2687
       Morningstar       |       |       |       |       |       |    64 |       |       ||    64
Throw: Throwing net      |       |       |       |     3 |     4 |       |       |       ||     7
 Cast: Blink             |       |       |       |       |       |       |     1 |       ||     1
Invok: Call Merchant     |       |       |       |       |     2 |       |     1 |     2 ||     5
Evoke: Wand              |       |       |       |       |     2 |       |       |     2 ||     4
  Use: Scroll            |       |     2 |     7 |     8 |    22 |    12 |    12 |     9 ||    72
       Potion            |       |     1 |       |       |     1 |     1 |     2 |     4 ||     9
 Stab: Distracted        |       |       |       |     5 |    15 |     9 |    12 |     7 ||    48
       Held in net/web   |       |       |       |     1 |     5 |       |       |       ||     6
       Fleeing           |       |       |       |       |       |       |       |     1 ||     1
  Eat: Chunk             |     1 |     2 |       |       |       |       |       |       ||     3
       Ration            |       |     2 |     4 |     9 |    10 |    10 |     9 |     3 ||    47
Armor: Scale mail        |    76 |    14 |       |       |       |       |       |       ||    90
       Chain mail        |       |    78 |   194 |   353 |    23 |       |       |       ||   648
       Gold dragon scale |       |       |       |       |   729 |   894 |   281 |   142 ||  2046
Dodge: Dodged            |    43 |    37 |    80 |   353 |   301 |   228 |    70 |    20 ||  1132
Block: Kite shield       |    91 |   148 |   423 |  1015 |  1418 |  1490 |  1131 |   602 ||  6318
       Reflection        |       |     1 |    11 |    38 |    68 |   118 |   125 |    47 ||   408

Table legend:
 A = Non-vault XP
 B = Vault XP
 C = Vault XP percentage of total XP
 D = Non-vault monster count
 E = Vault monster count
 F = Vault count percentage of total count
                 A         B        C        D         E       F
            +---------+---------+-------+---------+---------+-------
      Total |  369744 |  384578 |  51.0 |     999 |     557 |  35.8
            +---------+---------+-------+---------+---------+-------
        D:1 |      64 |      55 |  46.2 |      28 |      11 |  28.2
        D:2 |      56 |      21 |  27.3 |      16 |       3 |  15.8
        D:3 |      95 |       0 |   0.0 |      19 |       0 |   0.0
        D:4 |     443 |     458 |  50.8 |      26 |       2 |   7.1
        D:5 |     431 |     657 |  60.4 |      10 |       4 |  28.6
        D:6 |     674 |       0 |   0.0 |      15 |       0 |   0.0
        D:7 |    1411 |       0 |   0.0 |      28 |       0 |   0.0
        D:8 |    1579 |    1075 |  40.5 |      41 |      28 |  40.6
        D:9 |    2190 |    1455 |  39.9 |      20 |      18 |  47.4
       D:10 |    2439 |       0 |   0.0 |      21 |       0 |   0.0
       D:11 |    4688 |    1640 |  25.9 |      28 |       4 |  12.5
       D:12 |    6553 |     708 |   9.8 |      35 |       3 |   7.9
       D:13 |    6491 |    6198 |  48.8 |      20 |      13 |  39.4
       D:14 |    9650 |   10747 |  52.7 |      31 |       9 |  22.5
     Lair:1 |    2761 |     494 |  15.2 |      15 |       3 |  16.7
     Lair:2 |    3678 |     385 |   9.5 |      22 |       1 |   4.3
     Lair:3 |    3386 |    1714 |  33.6 |      14 |       7 |  33.3
     Lair:4 |    3544 |     383 |   9.8 |      13 |       3 |  18.8
     Lair:5 |    3774 |       0 |   0.0 |      17 |       0 |   0.0
     Lair:6 |   12789 |    3160 |  19.8 |      18 |       7 |  28.0
    Snake:1 |   20081 |     994 |   4.7 |      37 |       2 |   5.1
    Snake:2 |   25925 |    2898 |  10.1 |      53 |       6 |  10.2
    Snake:3 |   14097 |    2489 |  15.0 |      24 |       8 |  25.0
    Snake:4 |   31769 |   58133 |  64.7 |      64 |      78 |  54.9
      Orc:1 |    5126 |    2245 |  30.5 |      38 |       3 |   7.3
      Orc:2 |    3405 |    8315 |  70.9 |      33 |      39 |  54.2
      Elf:1 |   10414 |   21648 |  67.5 |      18 |      19 |  51.4
      Elf:2 |   16610 |   32300 |  66.0 |      32 |      38 |  54.3
      Elf:3 |   14357 |   79411 |  84.7 |      26 |      57 |  68.7
   Vaults:1 |   34962 |   37277 |  51.6 |      57 |      46 |  44.7
   Vaults:2 |   41241 |   19623 |  32.2 |      56 |      35 |  38.5
   Vaults:3 |   32046 |   20821 |  39.4 |      52 |      24 |  31.6
   Vaults:4 |   46789 |   44350 |  48.7 |      63 |      39 |  38.2
   Vaults:5 |    6226 |   24531 |  79.8 |       9 |      19 |  67.9
      Sewer |       0 |     393 | 100.0 |       0 |      28 | 100.0
            +---------+---------+-------+---------+---------+-------
